MONTREAL vs NASHVILLE

Created - January-27-21 at 14:03

Goals
1 2 3 T
MONTREAL 2 1 0 3
NASHVILLE 1 3 1 5
Shots
1 2 3 T
MONTREAL 8 12 7 27
NASHVILLE 7 9 6 22

1st period

1. MONTREAL , P.K. Subban 2 (Erik Gustafsson 5, Phillip Danault 10) at 10:09 (PP)
2. NASHVILLE , J.T. Compher 6 (Jimmy Vesey 4, Morgan Rielly 4) at 14:44
3. MONTREAL , Tomas Tatar 6 (Tony DeAngelo 5, Phillip Danault 11) at 18:38

Penalties :
Adam Larsson (NSH) for Interference (Minor) at 1:21, Nicolas Hague (NSH) for Tripping (Minor) at 10:03, Nolan Patrick (NSH) for Hooking (Minor) at 10:22

2nd period

4. NASHVILLE , Nolan Patrick 3 (Brian Dumoulin 7, Nicolas Hague 6) at 8:21
5. NASHVILLE , J.T. Compher 7 (Nicolas Hague 7, Jason Dickinson 4) at 12:42
6. MONTREAL , Alex Iafallo 2 (Connor Murphy 4, Max Pacioretty 2) at 15:02
7. NASHVILLE , Alex Chiasson 3 (Nolan Patrick 3, Bobby Ryan 2) at 18:10

Penalties :
Joel Armia (MON) for Tripping (Minor) at 2:03

3rd period

8. NASHVILLE , Sean Monahan 8 (Morgan Rielly 5, Adam Larsson 7) at 19:53 (Empty Net)

Penalties :
Max Pacioretty (MON) for Holding (Minor) at 0:31, Andrew Peeke (NSH) for Tripping (Minor) at 9:47, Tomas Tatar (MON) for Hooking (Minor) at 15:00

Goalie Stats

Robin Lehner (MON), 17 saves from 21 shots - (0.810), L, 6-5-2, 59:29 minutes
Joonas Korpisalo (NSH), 24 saves from 27 shots - (0.889), W, 2-0-0, 60:00 minutes

Players Stats for MONTREAL

Player Name              G  A  P  +/- PIM S  H  SB GA TA FO     MP     PP MP  PK MP  
------------------------------------------------------------------------------------
Alex Iafallo             1  0  1   0  0   5  1  0  0  0  1/2    15:48   0:40   0:00 
Brock McGinn             0  0  0   0  0   1  1  0  0  0  1/1     9:22   0:00   3:18 
Connor Murphy            0  1  1   0  0   0  3  0  0  0  0/0    20:06   0:45   2:58 
Erik Gustafsson          0  1  1  -1  0   1  0  1  0  0  0/0    19:12   2:15   2:50 
Joel Armia               0  0  0  -1  2   2  1  0  0  0  1/1    13:53   0:00   1:33 
Keith Yandle             0  0  0   0  0   0  0  0  0  0  0/0    19:45   3:03   0:09 
Mark Jankowski           0  0  0   0  0   0  0  0  0  0  2/5     6:55   0:00   0:51 
Max Pacioretty           0  1  1  -1  2   2  2  1  0  0  1/2    19:35   3:07   1:06 
Nathan Beaulieu          0  0  0  -1  0   1  1  1  0  0  0/0    17:11   0:00   2:50 
Nathan MacKinnon         0  0  0  -1  0   3  0  0  0  0  7/15   18:30   3:07   0:00 
Nino Niederreiter        0  0  0  -1  0   1  1  0  0  0  0/0    14:12   0:00   0:00 
P.K. Subban              1  0  1  -2  0   2  4  0  0  0  0/0    23:13   3:00   3:07 
Phillip Danault          0  2  2  -1  0   2  0  1  0  0  15/21  19:26   2:16   2:58 
Roope Hintz              0  0  0  -1  0   3  0  0  0  0  2/2    15:17   2:56   0:00 
Tomas Tatar              1  0  1  -2  2   1  0  1  0  0  1/2    16:48   2:22   0:00 
Tony DeAngelo            0  1  1  -2  0   1  1  2  0  0  0/0    20:33   3:03   0:00 
Vincent Trocheck         0  0  0  -1  0   1  1  0  0  0  8/15   17:25   2:56   2:08 
Wayne Simmonds           0  0  0   0  0   1  0  0  0  0  0/0     6:49   0:45   0:00 

Players Stats for NASHVILLE

Player Name              G  A  P  +/- PIM S  H  SB GA TA FO     MP     PP MP  PK MP  
------------------------------------------------------------------------------------
Adam Larsson             0  1  1   1  2   0  3  3  0  0  0/0    18:42   3:34   2:37 
Alex Chiasson            1  0  1   2  0   3  0  0  0  0  1/1    12:46   0:30   0:00 
Andrew Peeke             0  0  0  -1  2   0  1  0  0  0  0/0    13:56   0:43   0:00 
Bobby Ryan               0  1  1   2  0   1  0  0  0  0  0/0    12:46   0:30   0:00 
Brian Dumoulin           0  1  1   3  0   0  0  3  0  0  0/0    20:25   2:23   2:08 
Connor Carrick           0  0  0  -1  0   0  1  2  0  0  0/0    15:14   0:00   1:36 
Devin Shore              0  0  0  -1  0   0  0  0  0  0  2/6     9:14   0:00   1:14 
J.T. Compher             2  0  2   1  0   6  0  0  0  0  6/22   17:31   3:34   2:00 
Jared McCann             0  0  0   1  0   2  0  0  0  0  0/0    19:19   2:23   1:09 
Jason Dickinson          0  1  1   1  0   3  0  0  0  0  0/0    17:55   3:04   2:54 
Jeremy Lauzon            0  0  0   0  0   0  2  0  0  0  0/0     6:52   0:00   0:32 
Jimmy Vesey              0  1  1   1  0   0  1  0  0  0  0/1    15:01   3:04   0:00 
Josh Leivo               0  0  0  -1  0   0  0  0  0  0  2/2     8:00   0:00   0:00 
Morgan Rielly            0  2  2   1  0   0  1  3  0  0  0/0    24:26   2:51   3:07 
Nicolas Hague            0  2  2   3  2   0  3  2  0  0  0/0    20:22   2:23   2:06 
Nolan Patrick            1  1  2   2  2   1  0  0  0  0  8/16   13:55   0:00   1:40 
Paul Byron               0  0  0   1  0   1  1  0  0  0  1/1    19:38   2:23   1:28 
Sean Monahan             1  0  1   1  0   4  0  0  0  0  7/16   19:51   2:23   1:41 
Tage Thompson            0  0  0  -1  0   1  0  0  0  0  0/1     8:00   0:00   0:00 

3 Stars

1 - J.T. Compher (NSH)
2 - Nicolas Hague (NSH)
3 - Nolan Patrick (NSH)

Power Play

MONTREAL - 1 on 4 Attempt(s) - 25.00%
NASHVILLE - 0 on 3 Attempt(s) - 0.00%

Penalty Kill

MONTREAL - 3 on 3 Attempt(s) - 100.00% - Score 0 goal in Penalty Kill
NASHVILLE - 3 on 4 Attempt(s) - 75.00% - Score 0 goal in Penalty Kill

Team Stat

MONTREAL - Hits : 16 - Faceoff Wins : 39 - Blocked Shots : 7 - Penalty Minutes : 6
NASHVILLE - Hits : 13 - Faceoff Wins : 27 - Blocked Shots : 13 - Penalty Minutes : 8

Official

Referees : Troy Paterson and Mike Duco
Linesman : Travis Toomey and Julien Fournier

Game Notes

Sean Monahan has scored in a empty net!

Finance

Level 1 -- Attendance: 4305 (71.75%) -- Ticket Income $430,500
Level 2 -- Attendance: 3513 (70.26%) -- Ticket Income $210,780
Level 3 -- Attendance: 1989 (99.45%) -- Ticket Income $69,615
Level 4 -- Attendance: 2795 (69.88%) -- Ticket Income $69,875
Luxury Box -- Attendance: 738 (73.80%) -- Ticket Income $147,600
Game was played at the Bridgestone Arena.
Total Attendance: 13340 (74.11%)
Total Ticket Income: $928,370
Total Income: $928,370

MONTREAL

5 vs 5 Forward 
   Center                   Left Wing                Right Wing               Time % Phy DF OF 
 1 Nathan MacKinnon         Max Pacioretty           Alex Iafallo             35     0   1  4  
 2 Phillip Danault          Tomas Tatar              Nino Niederreiter        30     0   2  3  
 3 Vincent Trocheck         Roope Hintz              Joel Armia               25     1   2  2  
 4 Mark Jankowski           Brock McGinn             Wayne Simmonds           10     1   3  1  

5 vs 5 Defense 
   Defense                  Defense                                           Time % Phy DF OF 
 1 P.K. Subban              Tony DeAngelo                                     37     0   2  3  
 2 Keith Yandle             Connor Murphy                                     32     0   2  3  
 3 Erik Gustafsson          Nathan Beaulieu                                   25     1   2  2  
 4 P.K. Subban              Tony DeAngelo                                     6      0   3  2  

PowerPlay Forward 
   Center                   Left Wing                Right Wing               Time % Phy DF OF 
 1 Nathan MacKinnon         Max Pacioretty           Tomas Tatar              60     0   1  4  
 2 Phillip Danault          Roope Hintz              Vincent Trocheck         40     0   1  4  

PowerPlay Defense
   Defense                  Defense                                           Time % Phy DF OF 
 1 Keith Yandle             Tony DeAngelo                                     60     0   2  3  
 2 P.K. Subban              Erik Gustafsson                                   40     0   2  3  

Penalty Kill 4 Players Forward 
   Center                   Wing                     Time % Phy DF OF 
 1 Phillip Danault          Brock McGinn             60     0   4  1  
 2 Vincent Trocheck         Joel Armia               40     0   4  1  

Penalty Kill 4 Players Defense
   Defense                  Defense                  Time % Phy DF OF 
 1 Connor Murphy            P.K. Subban              60     1   3  1  
 2 Erik Gustafsson          Nathan Beaulieu          40     1   3  1  

Penalty Kill - 3 Players Forward 
   Forward                                           Time % Phy DF OF 
 1 Phillip Danault                                   60     0   5  0  
 2 Vincent Trocheck                                  40     0   5  0  

Penalty Kill - 3 Players Defense
   Defense                  Defense                  Time % Phy DF OF 
 1 Connor Murphy            P.K. Subban              60     1   4  0  
 2 Erik Gustafsson          Nathan Beaulieu          40     1   4  0  

4 vs 4 Forward 
   Center                   Wing                     Time % Phy DF OF 
 1 Nathan MacKinnon         Max Pacioretty           60     0   1  4  
 2 Vincent Trocheck         Tomas Tatar              40     0   2  3  

4 vs 4 Defense
   Defense                  Defense                  Time % Phy DF OF 
 1 Tony DeAngelo            P.K. Subban              60     0   2  3  
 2 Erik Gustafsson          Connor Murphy            40     1   2  2  

Last Minutes Offensive
   Center                   Left Wing                Right Wing               Defense                  Defense                  
   Nathan MacKinnon         Tomas Tatar              Max Pacioretty           Tony DeAngelo            P.K. Subban              

Last Minutes Defensive
   Center                   Left Wing                Right Wing               Defense                  Defense                  
   Phillip Danault          Brock McGinn             Vincent Trocheck         P.K. Subban              Connor Murphy            

Goaltenders
Starting : Robin Lehner             
Backup : Thomas Greiss            

Extra Forwards
Normal : Nathan MacKinnon, Max Pacioretty, Roope Hintz - PP : Alex Iafallo, Roope Hintz - PK : Brock McGinn
Extra Defensemen
Normal : Tony DeAngelo, P.K. Subban, Keith Yandle - PP : Tony DeAngelo - PK : Connor Murphy, P.K. Subban
Penalty Shots
Nathan MacKinnon, Max Pacioretty, Tomas Tatar, Roope Hintz, Vincent Trocheck

Scratches
MTL Cap Hit (Suspend)

NASHVILLE

5 vs 5 Forward 
   Center                   Left Wing                Right Wing               Time % Phy DF OF 
 1 Sean Monahan             Paul Byron               Jared McCann             35     1   2  2  
 2 J.T. Compher             Jason Dickinson          Jimmy Vesey              30     1   2  2  
 3 Nolan Patrick            Alex Chiasson            Bobby Ryan               25     1   2  2  
 4 Devin Shore              Josh Leivo               Tage Thompson            10     1   2  2  

5 vs 5 Defense 
   Defense                  Defense                                           Time % Phy DF OF 
 1 Morgan Rielly            Adam Larsson                                      35     1   2  2  
 2 Brian Dumoulin           Nicolas Hague                                     30     1   2  2  
 3 Andrew Peeke             Connor Carrick                                    25     1   2  2  
 4 Jeremy Lauzon            Morgan Rielly                                     10     1   2  2  

PowerPlay Forward 
   Center                   Left Wing                Right Wing               Time % Phy DF OF 
 1 Sean Monahan             Paul Byron               Jared McCann             60     1   2  2  
 2 J.T. Compher             Jason Dickinson          Jimmy Vesey              40     1   2  2  

PowerPlay Defense
   Defense                  Defense                                           Time % Phy DF OF 
 1 Morgan Rielly            Adam Larsson                                      60     1   2  2  
 2 Brian Dumoulin           Nicolas Hague                                     40     1   2  2  

Penalty Kill 4 Players Forward 
   Center                   Wing                     Time % Phy DF OF 
 1 Sean Monahan             Jared McCann             60     1   2  2  
 2 Paul Byron               J.T. Compher             40     1   2  2  

Penalty Kill 4 Players Defense
   Defense                  Defense                  Time % Phy DF OF 
 1 Morgan Rielly            Adam Larsson             60     1   2  2  
 2 Brian Dumoulin           Nicolas Hague            40     1   2  2  

Penalty Kill - 3 Players Forward 
   Forward                                           Time % Phy DF OF 
 1 Sean Monahan                                      60     1   2  2  
 2 Jared McCann                                      40     1   2  2  

Penalty Kill - 3 Players Defense
   Defense                  Defense                  Time % Phy DF OF 
 1 Morgan Rielly            Adam Larsson             60     1   2  2  
 2 Brian Dumoulin           Nicolas Hague            40     1   2  2  

4 vs 4 Forward 
   Center                   Wing                     Time % Phy DF OF 
 1 Sean Monahan             Jared McCann             60     1   2  2  
 2 Paul Byron               J.T. Compher             40     1   2  2  

4 vs 4 Defense
   Defense                  Defense                  Time % Phy DF OF 
 1 Morgan Rielly            Adam Larsson             60     1   2  2  
 2 Brian Dumoulin           Nicolas Hague            40     1   2  2  

Last Minutes Offensive
   Center                   Left Wing                Right Wing               Defense                  Defense                  
   Sean Monahan             Paul Byron               Jared McCann             Morgan Rielly            Adam Larsson             

Last Minutes Defensive
   Center                   Left Wing                Right Wing               Defense                  Defense                  
   Sean Monahan             Paul Byron               Jared McCann             Morgan Rielly            Adam Larsson             

Goaltenders
Starting : Joonas Korpisalo         
Backup : Devan Dubnyk             

Extra Forwards
Normal : Bobby Ryan, Alex Chiasson, Nolan Patrick - PP : Bobby Ryan, Alex Chiasson - PK : Nolan Patrick
Extra Defensemen
Normal : Andrew Peeke, Connor Carrick, Jeremy Lauzon - PP : Andrew Peeke - PK : Connor Carrick, Jeremy Lauzon
Penalty Shots
Sean Monahan, Jared McCann, Paul Byron, J.T. Compher, Jason Dickinson

Scratches
Alexander Barabanov (Healthy), Alex Petrovic (Healthy), Henrik Lundqvist (Healthy), NSH Cap Hit (Suspend)

% Time on Ice - MONTREAL

Lines # - Real PCT - Wanted PCT - Time Play
Normal Forward
1 - 32% - 35% - 15:08
2 - 30% - 30% - 14:12
3 - 26% - 25% - 12:21
4 - 13% - 10% - 6:04
Normal Defense
1 - 36% - 37% - 17:16
2 - 34% - 32% - 16:08
3 - 30% - 25% - 14:21
4 - 0% - 6% - 0:00
PP Forward
1 - 52% - 60% - 3:07
2 - 48% - 40% - 2:56
PP Defense
1 - 50% - 60% - 3:03
2 - 50% - 40% - 3:00
PK Forward
1 - 64% - 60% - 3:49
2 - 36% - 40% - 2:08
PK Defense
1 - 52% - 60% - 3:07
2 - 48% - 40% - 2:50
PK3 Forward
1 - 0% - 60%
2 - 0% - 40%
PK3 Defense
1 - 0% - 60%
2 - 0% - 40%
44 Forward
1 - 0% - 60%
2 - 0% - 40%
44 Defense
1 - 0% - 60%
2 - 0% - 40%
Last Minute Offensive  - 0:15
Last Minute Defensive  - 0:00
Total
Forward - 60:00
Defense - 60:00

% Time on Ice - NASHVILLE

Lines # - Real PCT - Wanted PCT - Time Play
Normal Forward
1 - 32% - 35% - 14:56
2 - 25% - 30% - 11:57
3 - 26% - 25% - 12:16
4 - 17% - 10% - 8:00
Normal Defense
1 - 25% - 35% - 11:41
2 - 34% - 30% - 15:54
3 - 28% - 25% - 13:14
4 - 13% - 10% - 6:20
PP Forward
1 - 40% - 60% - 2:23
2 - 60% - 40% - 3:34
PP Defense
1 - 60% - 60% - 3:34
2 - 40% - 40% - 2:23
PK Forward
1 - 67% - 60% - 4:03
2 - 33% - 40% - 2:00
PK Defense
1 - 65% - 60% - 3:55
2 - 35% - 40% - 2:08
PK3 Forward
1 - 0% - 60%
2 - 0% - 40%
PK3 Defense
1 - 0% - 60%
2 - 0% - 40%
44 Forward
1 - 0% - 60%
2 - 0% - 40%
44 Defense
1 - 0% - 60%
2 - 0% - 40%
Last Minute Offensive  - 0:00
Last Minute Defensive  - 0:51
Total
Forward - 60:00
Defense - 60:00

Play-by-Play

1st period


0:01 of 1st period - Nathan MacKinnon wins face-off versus Sean Monahan in neutral zone.
0:09 of 1st period - Nathan MacKinnon is hit by Adam Larsson and loses puck.
0:20 of 1st period - Shot by Sean Monahan.
0:20 of 1st period - Shot Blocked by Tony DeAngelo.
0:38 of 1st period - Shot by Nathan MacKinnon.
0:38 of 1st period - Stopped by Joonas Korpisalo with a rebound.
1:21 of 1st period - Minor Penalty to Adam Larsson for Interference.
1:22 of 1st period - Nolan Patrick wins face-off versus Phillip Danault in NASHVILLE zone.
1:33 of 1st period - Shot by P.K. Subban.
1:33 of 1st period - Stopped by Joonas Korpisalo without a rebound.
1:34 of 1st period - Nolan Patrick wins face-off versus Tomas Tatar in NASHVILLE zone.
1:55 of 1st period - Shot by Keith Yandle.
1:55 of 1st period - Shot Misses the Net.
3:03 of 1st period - Icing by Keith Yandle.
3:04 of 1st period - Paul Byron wins face-off versus Nathan MacKinnon in MONTREAL zone.
3:32 of 1st period - Wayne Simmonds is hit by Nicolas Hague and loses puck.
3:35 of 1st period - Shot by Mark Jankowski.
3:35 of 1st period - Shot Misses the Net.
3:37 of 1st period - Shot by Wayne Simmonds.
3:37 of 1st period - Stopped by Joonas Korpisalo without a rebound.
3:38 of 1st period - Nolan Patrick wins face-off versus Vincent Trocheck in NASHVILLE zone.
3:56 of 1st period - Off-side.
3:57 of 1st period - Josh Leivo wins face-off versus Mark Jankowski in neutral zone.
4:02 of 1st period - Shot by Brock McGinn.
4:02 of 1st period - Shot Blocked by Brian Dumoulin.
4:23 of 1st period - Shot by Mark Jankowski.
4:23 of 1st period - Shot Blocked by Brian Dumoulin.
4:25 of 1st period - Shot by Brock McGinn.
4:25 of 1st period - Shot Misses the Net.
4:27 of 1st period - Shot by Mark Jankowski.
4:27 of 1st period - Deflect By Brock McGinn.
4:27 of 1st period - Stopped by Joonas Korpisalo without a rebound.
4:28 of 1st period - Vincent Trocheck wins face-off versus J.T. Compher in NASHVILLE zone.
5:08 of 1st period - Icing by Joel Armia.
5:09 of 1st period - Nolan Patrick wins face-off versus Vincent Trocheck in MONTREAL zone.
5:42 of 1st period - Shot by Bobby Ryan.
5:42 of 1st period - Shot Misses the Net.
6:29 of 1st period - Jared McCann is hit by Connor Murphy and loses puck.
6:35 of 1st period - Jared McCann is hit by Connor Murphy and loses puck.
6:38 of 1st period - Shot by Sean Monahan.
6:38 of 1st period - Stopped by Robin Lehner without a rebound.
6:39 of 1st period - Phillip Danault wins face-off versus J.T. Compher in MONTREAL zone.
7:08 of 1st period - Shot by Jason Dickinson.
7:08 of 1st period - Shot Blocked by Phillip Danault.
7:10 of 1st period - Shot by Jason Dickinson.
7:10 of 1st period - Shot Misses the Net.
7:23 of 1st period - Icing by Phillip Danault.
7:24 of 1st period - Phillip Danault wins face-off versus Nolan Patrick in MONTREAL zone.
7:41 of 1st period - Shot by Nolan Patrick.
7:41 of 1st period - Shot Misses the Net.
8:01 of 1st period - Shot by Brock McGinn.
8:01 of 1st period - Shot Misses the Net.
9:44 of 1st period - Shot by Nathan MacKinnon.
9:44 of 1st period - Shot Misses the Net.
10:03 of 1st period - Minor Penalty to Nicolas Hague for Tripping.
10:04 of 1st period - Phillip Danault wins face-off versus Devin Shore in NASHVILLE zone.
10:07 of 1st period - Shot by P.K. Subban.
10:07 of 1st period - Shot Misses the Net.
10:09 of 1st period - Shot by P.K. Subban.
10:09 of 1st period - Goal by P.K. Subban - MONTREAL : 1 - NASHVILLE : 0.
10:10 of 1st period - Vincent Trocheck wins face-off versus J.T. Compher in neutral zone.
10:19 of 1st period - Shot by Jason Dickinson.
10:19 of 1st period - Deflect By J.T. Compher.
10:19 of 1st period - Stopped by Robin Lehner without a rebound.
10:20 of 1st period - Phillip Danault wins face-off versus Nolan Patrick in MONTREAL zone.
10:22 of 1st period - Minor Penalty to Nolan Patrick for Hooking.
10:23 of 1st period - Devin Shore wins face-off versus Nathan MacKinnon in NASHVILLE zone.
11:41 of 1st period - Shot by Keith Yandle.
11:41 of 1st period - Shot Misses the Net.
11:57 of 1st period - Erik Gustafsson is hit by Paul Byron and loses puck.
13:10 of 1st period - Shot by Roope Hintz.
13:10 of 1st period - Shot Blocked by Connor Carrick.
13:12 of 1st period - Shot by Roope Hintz.
13:12 of 1st period - Stopped by Joonas Korpisalo without a rebound.
13:13 of 1st period - Phillip Danault wins face-off versus Tage Thompson in NASHVILLE zone.
13:17 of 1st period - Icing by Nicolas Hague.
13:18 of 1st period - Devin Shore wins face-off versus Vincent Trocheck in NASHVILLE zone.
13:50 of 1st period - Shot by Vincent Trocheck.
13:50 of 1st period - Shot Blocked by Nicolas Hague.
14:05 of 1st period - Off-side.
14:06 of 1st period - Max Pacioretty wins face-off versus J.T. Compher in neutral zone.
14:06 of 1st period - Nathan MacKinnon is hit by Jimmy Vesey and loses puck.
14:40 of 1st period - Shot by Jimmy Vesey.
14:40 of 1st period - Shot Blocked by Max Pacioretty.
14:42 of 1st period - Shot by J.T. Compher.
14:42 of 1st period - Stopped by Robin Lehner with a rebound.
14:44 of 1st period - Shot by J.T. Compher.
14:44 of 1st period - Goal by J.T. Compher - MONTREAL : 1 - NASHVILLE : 1.
14:45 of 1st period - Phillip Danault wins face-off versus Sean Monahan in neutral zone.
14:47 of 1st period - Connor Murphy is hit by Connor Carrick and loses puck.
16:28 of 1st period - Shot by Nathan MacKinnon.
16:28 of 1st period - Shot Misses the Net.
16:34 of 1st period - Shot by Alex Iafallo.
16:34 of 1st period - Stopped by Joonas Korpisalo without a rebound.
16:35 of 1st period - Joel Armia wins face-off versus J.T. Compher in NASHVILLE zone.
18:11 of 1st period - Josh Leivo is hit by P.K. Subban and loses puck.
18:38 of 1st period - Shot by Tomas Tatar.
18:38 of 1st period - Goal by Tomas Tatar - MONTREAL : 2 - NASHVILLE : 1.
18:39 of 1st period - Vincent Trocheck wins face-off versus Sean Monahan in neutral zone.
19:05 of 1st period - Shot by Roope Hintz.
19:05 of 1st period - Shot Misses the Net.
19:15 of 1st period - Shot by Paul Byron.
19:15 of 1st period - Stopped by Robin Lehner with a rebound.
19:26 of 1st period - Off-side.
19:27 of 1st period - J.T. Compher wins face-off versus Alex Iafallo in neutral zone.
19:36 of 1st period - Shot by Jason Dickinson.
19:36 of 1st period - Stopped by Robin Lehner without a rebound.
19:37 of 1st period - Phillip Danault wins face-off versus Nolan Patrick in MONTREAL zone.
19:52 of 1st period - Shot by Alex Chiasson.
19:52 of 1st period - Stopped by Robin Lehner with a rebound.
19:54 of 1st period - Shot by Nolan Patrick.
19:54 of 1st period - Shot Misses the Net.
Goals for this period are 2 for MONTREAL vs 1 for NASHVILLE.
Shots for this period are 8 for MONTREAL vs 7 for NASHVILLE.

2nd period


0:01 of 2nd period - Nathan MacKinnon wins face-off versus J.T. Compher in neutral zone.
0:26 of 2nd period - Shot by Nathan MacKinnon.
0:26 of 2nd period - Shot Blocked by Adam Larsson.
0:28 of 2nd period - Shot by Alex Iafallo.
0:28 of 2nd period - Shot Misses the Net.
0:30 of 2nd period - Shot by Max Pacioretty.
0:30 of 2nd period - Shot Misses the Net.
0:43 of 2nd period - Icing by Adam Larsson.
0:44 of 2nd period - Tomas Tatar wins face-off versus J.T. Compher in NASHVILLE zone.
0:44 of 2nd period - Tomas Tatar is hit by Adam Larsson.
2:03 of 2nd period - Minor Penalty to Joel Armia for Tripping.
2:04 of 2nd period - J.T. Compher wins face-off versus Phillip Danault in MONTREAL zone.
2:09 of 2nd period - Shot by Jason Dickinson.
2:09 of 2nd period - Shot Misses the Net.
2:15 of 2nd period - Shot by J.T. Compher.
2:15 of 2nd period - Stopped by Robin Lehner with a rebound.
2:17 of 2nd period - Shot by J.T. Compher.
2:17 of 2nd period - Shot Misses the Net.
2:27 of 2nd period - Shot by Morgan Rielly.
2:27 of 2nd period - Shot Misses the Net.
2:29 of 2nd period - Shot by Jason Dickinson.
2:29 of 2nd period - Stopped by Robin Lehner without a rebound.
2:30 of 2nd period - Mark Jankowski wins face-off versus J.T. Compher in MONTREAL zone.
2:53 of 2nd period - Shot by Morgan Rielly.
2:53 of 2nd period - Shot Blocked by Nathan Beaulieu.
2:55 of 2nd period - Shot by Morgan Rielly.
2:55 of 2nd period - Shot Misses the Net.
3:32 of 2nd period - Shot by Sean Monahan.
3:32 of 2nd period - Deflect By Jared McCann.
3:32 of 2nd period - Stopped by Robin Lehner without a rebound.
3:33 of 2nd period - Phillip Danault wins face-off versus J.T. Compher in MONTREAL zone.
4:23 of 2nd period - Shot by Joel Armia.
4:23 of 2nd period - Stopped by Joonas Korpisalo without a rebound.
4:24 of 2nd period - Nolan Patrick wins face-off versus Nathan MacKinnon in NASHVILLE zone.
5:33 of 2nd period - Shot by Phillip Danault.
5:33 of 2nd period - Shot Misses the Net.
5:57 of 2nd period - Icing by P.K. Subban.
5:58 of 2nd period - Sean Monahan wins face-off versus Vincent Trocheck in MONTREAL zone.
5:58 of 2nd period - Morgan Rielly is hit by P.K. Subban and loses puck.
6:09 of 2nd period - Shot by Roope Hintz.
6:09 of 2nd period - Shot Misses the Net.
6:11 of 2nd period - Shot by Vincent Trocheck.
6:11 of 2nd period - Shot Blocked by Morgan Rielly.
6:13 of 2nd period - Shot by Vincent Trocheck.
6:13 of 2nd period - Stopped by Joonas Korpisalo without a rebound.
6:14 of 2nd period - J.T. Compher wins face-off versus Mark Jankowski in NASHVILLE zone.
6:14 of 2nd period - Jason Dickinson is hit by Brock McGinn and loses puck.
6:21 of 2nd period - Jimmy Vesey is hit by P.K. Subban.
6:32 of 2nd period - J.T. Compher is hit by Tony DeAngelo and loses puck.
6:52 of 2nd period - Icing by Andrew Peeke.
6:53 of 2nd period - Nathan MacKinnon wins face-off versus Jimmy Vesey in NASHVILLE zone.
8:09 of 2nd period - Shot by Tomas Tatar.
8:09 of 2nd period - Shot Misses the Net.
8:11 of 2nd period - Shot by Keith Yandle.
8:11 of 2nd period - Shot Blocked by Adam Larsson.
8:13 of 2nd period - Shot by Phillip Danault.
8:13 of 2nd period - Stopped by Joonas Korpisalo without a rebound.
8:14 of 2nd period - Nolan Patrick wins face-off versus Vincent Trocheck in NASHVILLE zone.
8:21 of 2nd period - Shot by Nolan Patrick.
8:21 of 2nd period - Goal by Nolan Patrick - MONTREAL : 2 - NASHVILLE : 2.
8:22 of 2nd period - Vincent Trocheck wins face-off versus Nolan Patrick in neutral zone.
10:10 of 2nd period - Shot by Tomas Tatar.
10:10 of 2nd period - Shot Blocked by Morgan Rielly.
10:26 of 2nd period - Shot by Nino Niederreiter.
10:26 of 2nd period - Stopped by Joonas Korpisalo without a rebound.
10:27 of 2nd period - Sean Monahan wins face-off versus Mark Jankowski in NASHVILLE zone.
10:38 of 2nd period - Shot by Paul Byron.
10:38 of 2nd period - Shot Misses the Net.
10:44 of 2nd period - Shot by Sean Monahan.
10:44 of 2nd period - Stopped by Robin Lehner without a rebound.
10:45 of 2nd period - Vincent Trocheck wins face-off versus Devin Shore in MONTREAL zone.
11:55 of 2nd period - Off-side.
11:56 of 2nd period - Phillip Danault wins face-off versus Sean Monahan in neutral zone.
12:05 of 2nd period - Shot by P.K. Subban.
12:05 of 2nd period - Shot Misses the Net.
12:42 of 2nd period - Shot by J.T. Compher.
12:42 of 2nd period - Goal by J.T. Compher - MONTREAL : 2 - NASHVILLE : 3.
12:43 of 2nd period - J.T. Compher wins face-off versus Nathan MacKinnon in neutral zone.
13:08 of 2nd period - Shot by Nathan MacKinnon.
13:08 of 2nd period - Stopped by Joonas Korpisalo with a rebound.
13:10 of 2nd period - Shot by Max Pacioretty.
13:10 of 2nd period - Shot Misses the Net.
13:12 of 2nd period - Shot by Alex Iafallo.
13:12 of 2nd period - Shot Misses the Net.
13:14 of 2nd period - Shot by Max Pacioretty.
13:14 of 2nd period - Deflect By Nathan MacKinnon.
13:14 of 2nd period - Shot Misses the Net.
13:16 of 2nd period - Shot by Nathan Beaulieu.
13:16 of 2nd period - Shot Misses the Net.
13:18 of 2nd period - Shot by Erik Gustafsson.
13:18 of 2nd period - Stopped by Joonas Korpisalo without a rebound.
13:19 of 2nd period - Nolan Patrick wins face-off versus Vincent Trocheck in NASHVILLE zone.
13:36 of 2nd period - Shot by Nicolas Hague.
13:36 of 2nd period - Shot Misses the Net.
13:46 of 2nd period - Shot by Bobby Ryan.
13:46 of 2nd period - Stopped by Robin Lehner without a rebound.
13:47 of 2nd period - Sean Monahan wins face-off versus Phillip Danault in MONTREAL zone.
13:56 of 2nd period - Shot by Tomas Tatar.
13:56 of 2nd period - Shot Misses the Net.
14:51 of 2nd period - Alex Iafallo is hit by Adam Larsson and loses puck.
14:58 of 2nd period - Shot by Max Pacioretty.
14:58 of 2nd period - Shot Misses the Net.
15:00 of 2nd period - Shot by Connor Murphy.
15:00 of 2nd period - Shot Misses the Net.
15:02 of 2nd period - Shot by Alex Iafallo.
15:02 of 2nd period - Goal by Alex Iafallo - MONTREAL : 3 - NASHVILLE : 3.
15:03 of 2nd period - Roope Hintz wins face-off versus Nolan Patrick in neutral zone.
15:49 of 2nd period - Nicolas Hague is hit by Joel Armia and loses puck.
16:22 of 2nd period - Shot by Nathan MacKinnon.
16:22 of 2nd period - Deflect By Alex Iafallo.
16:22 of 2nd period - Shot Blocked by Adam Larsson.
16:26 of 2nd period - Shot by Alex Iafallo.
16:26 of 2nd period - Stopped by Joonas Korpisalo without a rebound.
16:27 of 2nd period - Phillip Danault wins face-off versus J.T. Compher in NASHVILLE zone.
17:02 of 2nd period - Icing by Andrew Peeke.
17:03 of 2nd period - J.T. Compher wins face-off versus Nathan MacKinnon in NASHVILLE zone.
17:30 of 2nd period - Shot by Max Pacioretty.
17:30 of 2nd period - Shot Misses the Net.
17:32 of 2nd period - Shot by Max Pacioretty.
17:32 of 2nd period - Stopped by Joonas Korpisalo without a rebound.
17:33 of 2nd period - Vincent Trocheck wins face-off versus Sean Monahan in NASHVILLE zone.
17:36 of 2nd period - Shot by Roope Hintz.
17:36 of 2nd period - Shot Misses the Net.
17:58 of 2nd period - Shot by Joel Armia.
17:58 of 2nd period - Stopped by Joonas Korpisalo without a rebound.
17:59 of 2nd period - Phillip Danault wins face-off versus Nolan Patrick in NASHVILLE zone.
18:00 of 2nd period - Shot by Tomas Tatar.
18:00 of 2nd period - Deflect By Phillip Danault.
18:00 of 2nd period - Shot Misses the Net.
18:08 of 2nd period - Shot by Bobby Ryan.
18:08 of 2nd period - Deflect By Nolan Patrick.
18:08 of 2nd period - Shot Misses the Net.
18:10 of 2nd period - Shot by Alex Chiasson.
18:10 of 2nd period - Goal by Alex Chiasson - MONTREAL : 3 - NASHVILLE : 4.
18:11 of 2nd period - Nathan MacKinnon wins face-off versus Devin Shore in neutral zone.
18:20 of 2nd period - Shot by Nathan MacKinnon.
18:20 of 2nd period - Shot Blocked by Morgan Rielly.
18:24 of 2nd period - Shot by Alex Iafallo.
18:24 of 2nd period - Stopped by Joonas Korpisalo without a rebound.
18:25 of 2nd period - Sean Monahan wins face-off versus Phillip Danault in NASHVILLE zone.
18:25 of 2nd period - Paul Byron is hit by Nino Niederreiter.
18:40 of 2nd period - Shot by Sean Monahan.
18:40 of 2nd period - Stopped by Robin Lehner without a rebound.
18:41 of 2nd period - Nathan MacKinnon wins face-off versus J.T. Compher in MONTREAL zone.
18:56 of 2nd period - Shot by Nathan MacKinnon.
18:56 of 2nd period - Stopped by Joonas Korpisalo without a rebound.
18:57 of 2nd period - Phillip Danault wins face-off versus Sean Monahan in NASHVILLE zone.
19:54 of 2nd period - Shot by Nathan MacKinnon.
19:54 of 2nd period - Shot Misses the Net.
Goals for this period are 1 for MONTREAL vs 3 for NASHVILLE.
Shots for this period are 12 for MONTREAL vs 9 for NASHVILLE.

3rd period


0:01 of 3rd period - Nathan MacKinnon wins face-off versus J.T. Compher in neutral zone.
0:18 of 3rd period - J.T. Compher is hit by Max Pacioretty.
0:31 of 3rd period - Minor Penalty to Max Pacioretty for Holding.
0:32 of 3rd period - Brock McGinn wins face-off versus Sean Monahan in MONTREAL zone.
1:02 of 3rd period - Shot by Jared McCann.
1:02 of 3rd period - Shot Blocked by Erik Gustafsson.
1:04 of 3rd period - Shot by Paul Byron.
1:04 of 3rd period - Shot Misses the Net.
4:28 of 3rd period - Shot by Jason Dickinson.
4:28 of 3rd period - Shot Misses the Net.
4:30 of 3rd period - Shot by J.T. Compher.
4:30 of 3rd period - Deflect By Jason Dickinson.
4:30 of 3rd period - Stopped by Robin Lehner without a rebound.
4:31 of 3rd period - Sean Monahan wins face-off versus Nathan MacKinnon in MONTREAL zone.
4:42 of 3rd period - Shot by Paul Byron.
4:42 of 3rd period - Shot Blocked by Tony DeAngelo.
4:59 of 3rd period - Nathan MacKinnon is hit by Nicolas Hague and loses puck.
5:15 of 3rd period - Nicolas Hague is hit by Connor Murphy and loses puck.
5:32 of 3rd period - Shot by Roope Hintz.
5:32 of 3rd period - Stopped by Joonas Korpisalo without a rebound.
5:33 of 3rd period - Phillip Danault wins face-off versus J.T. Compher in NASHVILLE zone.
6:01 of 3rd period - Shot by Phillip Danault.
6:01 of 3rd period - Stopped by Joonas Korpisalo without a rebound.
6:02 of 3rd period - Nolan Patrick wins face-off versus Vincent Trocheck in NASHVILLE zone.
6:09 of 3rd period - Shot by Joel Armia.
6:09 of 3rd period - Shot Blocked by Connor Carrick.
6:11 of 3rd period - Shot by Nathan Beaulieu.
6:11 of 3rd period - Stopped by Joonas Korpisalo without a rebound.
6:12 of 3rd period - Josh Leivo wins face-off versus Nathan MacKinnon in NASHVILLE zone.
6:12 of 3rd period - Josh Leivo is hit by Alex Iafallo.
6:15 of 3rd period - Morgan Rielly is hit by Max Pacioretty and loses puck.
6:32 of 3rd period - Shot by Josh Leivo.
6:32 of 3rd period - Shot Misses the Net.
6:41 of 3rd period - Nathan MacKinnon is hit by Morgan Rielly.
6:52 of 3rd period - Nathan MacKinnon is hit by Jeremy Lauzon.
6:57 of 3rd period - Off-side.
6:58 of 3rd period - Sean Monahan wins face-off versus Phillip Danault in neutral zone.
7:01 of 3rd period - Shot by Jared McCann.
7:01 of 3rd period - Shot Hit the Post.
7:17 of 3rd period - Shot by Jared McCann.
7:17 of 3rd period - Stopped by Robin Lehner without a rebound.
7:18 of 3rd period - Roope Hintz wins face-off versus J.T. Compher in MONTREAL zone.
7:45 of 3rd period - Shot by Brian Dumoulin.
7:45 of 3rd period - Shot Hit the Post.
8:52 of 3rd period - Shot by Jared McCann.
8:52 of 3rd period - Shot Blocked by Tomas Tatar.
9:15 of 3rd period - Paul Byron is hit by Nathan Beaulieu and loses puck.
9:28 of 3rd period - Shot by Alex Chiasson.
9:28 of 3rd period - Stopped by Robin Lehner without a rebound.
9:29 of 3rd period - Alex Chiasson wins face-off versus Max Pacioretty in MONTREAL zone.
9:29 of 3rd period - Nolan Patrick is hit by P.K. Subban and loses puck.
9:37 of 3rd period - Max Pacioretty is hit by Andrew Peeke and loses puck.
9:46 of 3rd period - Shot by Alex Iafallo.
9:46 of 3rd period - Shot Misses the Net.
9:47 of 3rd period - Minor Penalty to Andrew Peeke for Tripping.
9:48 of 3rd period - Alex Iafallo wins face-off versus Sean Monahan in NASHVILLE zone.
10:54 of 3rd period - Shot by P.K. Subban.
10:54 of 3rd period - Shot Blocked by Nicolas Hague.
11:00 of 3rd period - Shot by Max Pacioretty.
11:00 of 3rd period - Deflect By Nathan MacKinnon.
11:00 of 3rd period - Shot Misses the Net.
11:02 of 3rd period - Shot by Wayne Simmonds.
11:02 of 3rd period - Shot Blocked by Brian Dumoulin.
11:04 of 3rd period - Shot by Connor Murphy.
11:04 of 3rd period - Shot Misses the Net.
11:06 of 3rd period - Shot by Max Pacioretty.
11:06 of 3rd period - Shot Misses the Net.
12:08 of 3rd period - Shot by Tage Thompson.
12:08 of 3rd period - Stopped by Robin Lehner with a rebound.
13:07 of 3rd period - Icing by Jeremy Lauzon.
13:08 of 3rd period - Phillip Danault wins face-off versus Nolan Patrick in NASHVILLE zone.
13:15 of 3rd period - Shot by P.K. Subban.
13:15 of 3rd period - Shot Misses the Net.
13:17 of 3rd period - Shot by P.K. Subban.
13:17 of 3rd period - Shot Misses the Net.
13:30 of 3rd period - Phillip Danault is hit by Jeremy Lauzon and loses puck.
13:46 of 3rd period - Icing by Jeremy Lauzon.
13:47 of 3rd period - Vincent Trocheck wins face-off versus Nolan Patrick in NASHVILLE zone.
14:37 of 3rd period - Icing by Brian Dumoulin.
14:38 of 3rd period - Nathan MacKinnon wins face-off versus Sean Monahan in NASHVILLE zone.
14:47 of 3rd period - Shot by Nathan MacKinnon.
14:47 of 3rd period - Shot Misses the Net.
14:57 of 3rd period - Shot by Nathan MacKinnon.
14:57 of 3rd period - Deflect By Alex Iafallo.
14:57 of 3rd period - Stopped by Joonas Korpisalo without a rebound.
14:58 of 3rd period - J.T. Compher wins face-off versus Phillip Danault in NASHVILLE zone.
15:00 of 3rd period - Minor Penalty to Tomas Tatar for Hooking.
15:01 of 3rd period - Phillip Danault wins face-off versus J.T. Compher in MONTREAL zone.
15:20 of 3rd period - Shot by J.T. Compher.
15:20 of 3rd period - Stopped by Robin Lehner with a rebound.
15:24 of 3rd period - Shot by Adam Larsson.
15:24 of 3rd period - Shot Misses the Net.
17:09 of 3rd period - Shot by Tony DeAngelo.
17:09 of 3rd period - Stopped by Joonas Korpisalo without a rebound.
17:10 of 3rd period - Vincent Trocheck wins face-off versus Devin Shore in NASHVILLE zone.
17:10 of 3rd period - Joel Armia is hit by Nicolas Hague and loses puck.
17:19 of 3rd period - Devin Shore is hit by Vincent Trocheck and loses puck.
17:28 of 3rd period - Shot by Roope Hintz.
17:28 of 3rd period - Stopped by Joonas Korpisalo without a rebound.
17:29 of 3rd period - Sean Monahan wins face-off versus Nathan MacKinnon in NASHVILLE zone.
17:53 of 3rd period - Shot by Alex Iafallo.
17:53 of 3rd period - Shot Hit the Post.
17:59 of 3rd period - Shot by Max Pacioretty.
17:59 of 3rd period - Shot Misses the Net.
18:01 of 3rd period - Shot by Max Pacioretty.
18:01 of 3rd period - Stopped by Joonas Korpisalo with a rebound.
19:22 of 3rd period - MONTREAL, Robin Lehner is pulled from the net.
19:53 of 3rd period - Shot by Sean Monahan.
19:53 of 3rd period - Goal by Sean Monahan - MONTREAL : 3 - NASHVILLE : 5.
19:53 of 3rd period - Robin Lehner from MONTREAL was sent back in the game.
19:54 of 3rd period - Mark Jankowski wins face-off versus J.T. Compher in neutral zone.
Goals for this period are 0 for MONTREAL vs 1 for NASHVILLE.
Shots for this period are 7 for MONTREAL vs 6 for NASHVILLE.